Map: Abiogenèse EC

Players

Pinkrabbit

  • Race: Zerg Zerg
  • League: Silver
  • Spawn Location: 5:00

KRom - Winner!

  • Race: Zerg Zerg
  • League: Gold
  • Spawn Location: 11:00

VOD

Have the link to the VOD?

Description

Time

  • Played on: April 10, 2018, 1:08 p.m.
  • Length: 12:59
Show
View Real Time Build Order
Export as new Build Order

Pinkrabbit Zerg 

Build Orders: Pool First 

Get SALT Encoding   

  12  0:01  Drone  
  13  0:14  Overlord  
  13  0:18  Drone  
  14  0:36  Drone  
  14  0:37  Drone x2  
  17  0:47  Extractor  
  17  0:50  Drone  
  17  0:53  Spawning Pool  
  16  0:58  Drone  
  17  1:22  Hatchery  
  16  1:30  Drone  
  17  1:34  Drone  
  17  1:35  Drone  
  19  1:44  Overlord  
  19  1:52  Queen  
  21  2:01  Metabolic Boost  
  21  2:06  Drone x2  
  23  2:18  Zergling x2  
  24  2:25  Zergling x2  
  26  2:37  Zergling x4  
  26  2:43  Baneling Nest  
  26  2:55  Queen  
  26  2:57  Drone x3  
  26  2:58  Drone  
  32  3:07  Overlord  
  32  3:21  Roach Warren  
  32  3:26  Zergling x4  
  32  3:27  Zergling x2  
  34  3:31  Baneling  
  34  3:35  Drone x2  
  34  3:36  Drone  
  37  3:54  Drone x6  
  43  3:59  Spine Crawler  
  42  4:04  Baneling x2  
  42  4:14  Overlord x2  
  42  4:33  Roach x8  
  58  4:46  Drone x2  
  58  4:47  Extractor  
  58  4:50  Overlord x2  
  59  5:13  Drone x5  
  59  5:14  Drone  
  65  5:22  Extractor  
  65  5:25  Extractor  
  63  5:28  Lair  
  63  5:32  Overlord x3  
  63  5:49  Drone x3  
  67  5:50  Drone x2  
  67  5:53  Drone  
  61  6:23  Evolution Chamber  
  61  6:25  Roach x5, Evolution Chamber  
  69  6:26  Roach x3  
  75  6:36  Zergling x4  
  77  6:51  Zerg Missile Weapons Level 1  
  77  6:52  Zerg Ground Armor Level 1  
  77  7:02  Drone x5  
  77  7:03  Drone  
  77  7:04  Overlord x2  
  83  7:21  Hydralisk Den, Glial Reconstitution  
  82  7:25  Roach x2  
  82  7:26  Roach x5  
  96  7:40  Baneling x2  
  95  8:02  Hatchery  
  94  8:16  Roach x2  
  94  8:17  Roach x4  
  106  8:30  Ravager  
  106  8:32  Overlord x2  
  107  8:47  Overlord x3  
  107  8:50  Queen  
  109  8:59  Ravager x4  
  109  9:00  Ravager  
  109  9:02  Overlord x3  
  114  9:07  Roach x5  
  124  9:17  Drone x3  
  124  9:21  Zerg Missile Weapons Level 2, Zerg Ground Armor Level 2  
  124  9:23  Zergling x8  
  131  9:34  Roach x3  
  127  10:09  Roach x8  
  127  10:10  Roach x4  
  90  10:37  Roach  
  90  10:38  Roach x8  
  102  10:50  Hydralisk  
  102  10:51  Hydralisk x2  
  102  10:56  Drone  
  105  11:36  Drone x5  
  105  11:37  Drone x6  
  105  11:38  Drone x4  
  120  11:52  Hatchery  
  120  11:54  Hatchery  
  84  12:16  Overseer x4  
  84  12:22  Roach  
  82  12:23  Roach x15  
  112  12:34  Roach x2  
  112  12:35  Roach  
Show
View Real Time Build Order
Export as new Build Order

KRom Zerg - Winner!

Build Orders: Pool First, Lurkers 

Get SALT Encoding   

  12  0:01  Drone  
  13  0:13  Overlord  
  13  0:25  Drone  
  14  0:34  Drone x2  
  16  0:37  Drone  
  17  0:47  Spawning Pool  
  16  0:52  Drone  
  17  0:57  Extractor  
  17  0:58  Drone  
  17  1:23  Hatchery  
  16  1:35  Zergling x6  
  19  1:40  Queen  
  21  1:49  Drone  
  22  2:05  Overlord  
  22  2:24  Zergling x4  
  24  2:32  Metabolic Boost  
  24  2:38  Drone x2  
  24  2:39  Queen  
  24  2:40  Queen  
  29  3:06  Drone x2  
  31  3:17  Drone x2  
  31  3:18  Drone x2  
  35  3:20  Overlord  
  35  3:29  Overlord x2  
  35  3:43  Drone x4  
  39  4:10  Drone x3  
  39  4:11  Drone  
  39  4:12  Roach Warren  
  39  4:13  Evolution Chamber  
  39  4:15  Evolution Chamber  
  40  4:29  Queen  
  40  4:30  Spine Crawler  
  41  4:32  Drone x3  
  41  4:36  Lair  
  44  4:39  Extractor  
  44  4:40  Extractor, Drone x4  
  46  4:48  Drone x3  
  46  4:49  Drone x3  
  52  5:06  Zerg Missile Weapons Level 1  
  52  5:09  Roach x3  
  52  5:10  Roach  
  52  5:12  Overlord x3  
  60  5:41  Glial Reconstitution  
  60  5:43  Roach  
  60  5:44  Roach x7  
  60  5:47  Overseer  
  68  6:29  Roach  
  68  6:30  Roach x6  
  68  6:32  Hatchery  
  81  6:41  Drone, Overlord x2  
  81  6:42  Overlord x2  
  82  6:54  Zerg Ground Armor Level 1  
  82  6:59  Hydralisk Den  
  81  7:12  Drone x2  
  81  7:13  Extractor, Drone x3  
  85  7:23  Ravager x4  
  85  7:27  Drone x6  
  95  7:31  Overseer  
  95  7:46  Lurker Den  
  94  8:06  Queen  
  96  8:18  Queen  
  98  8:26  Hydralisk  
  98  8:27  Hydralisk x5  
  110  8:54  Spine Crawler  
  110  8:55  Drone x6  
  115  9:00  Extractor  
  115  9:01  Extractor  
  113  9:07  Spore Crawler  
  113  9:09  Grooved Spines  
  112  9:12  Zerg Missile Weapons Level 2, Zerg Ground Armor Level 2  
  112  9:15  Hydralisk x4  
  120  9:32  Overlord x3  
  120  9:42  Drone  
  113  9:51  Roach  
  113  9:52  Roach x13  
  97  10:24  Zergling x2  
  97  10:25  Zergling x24  
  96  10:35  Roach  
  90  10:36  Roach  
  92  10:57  Drone x3  
  95  11:06  Lurker x4  
  95  11:09  Roach  
  95  11:10  Roach x5  
  110  11:31  Queen  
  112  11:36  Hydralisk x8  
  120  12:03  Hydralisk x6  
  128  12:29  Hydralisk x2  
  129  12:30  Hydralisk x5  
Tags
 
Composition
Lurkers
Matchup
ZvZ
Race
Zerg
Spawn Locations
Cross Positions
Add a new tag
Caveats
  • Supply blocks, unpowered buildings, or Contaminate may cause inaccurate times.
  • Supply counts are checked every 10 seconds.